 Dungeon Crawl Stone Soup version 0.19-a0-1676-g39ae8cc (webtiles) character file.

150887 Ijustatesigmund the Elven Aeon (level 16, -4/96 HPs)
             Began as a Deep Elf Conjurer on Sept 23, 2016.
             Was the Champion of Cheibriados.
             Slain by a merfolk
             ... wielding a +0 trident
              (10 damage)
             ... on level 4 of the Shoals.
             The game lasted 03:41:41 (34339 turns).

Ijustatesigmund the Elven Aeon (Deep Elf Conjurer) Turns: 34339, Time: 03:41:42

Health: -4/96      AC: 19    Str: 22      XL:     16   Next: 99%
Magic:  2/43       EV: 26    Int: 48      God:    Cheibriados [******]
Gold:   1648       SH: 11    Dex: 36 (37) Spells: 12 memorised, 5 levels left

rFire  + . .     SeeInvis +     x - +6 scimitar of Makhleb's Envy {flame, Int+7}
rCold  . . .     Gourm    .     B - +3 leather armour of Cariyj {Str+2 Dex+3 Slay+2}
rNeg   . . .     Faith    .     w - +2 buckler
rPois  .         Spirit   .     p - +2 helmet {SInv}
rElec  .         Dismiss  .     H - +0 cloak of the Two of Pentacles {MP+9 Dex+2}
rCorr  .         Reflect  .     s - +2 pair of gloves
MR     ++...     Harm     .     q - +2 pair of boots
Stlth  +++....... Clarity  +    (no amulet)
                                Q - ring of Jovitta {rF+ Slay+5}
                                R - ring of protection from magic

@: about to teleport, very slow
A: slimy green scales 1, clarity, deterioration 1
a: Bend Time, Temporal Distortion, Slouch, Step From Time, Renounce Religion


You were on level 4 of the Shoals.
You worshipped Cheibriados.
Cheibriados was exalted by your worship.
You were very full.

You visited 7 branches of the dungeon, and saw 30 of its levels.
You also visited: Labyrinth.

You collected 2731 gold pieces.
You spent 1083 gold pieces at shops.

Inventory:

Hand Weapons
 x - the +6 scimitar of Makhleb's Envy (weapon) {flame, Int+7}
   (You found it on level 5 of the Dungeon)

   It has been specially enchanted to burn those struck by it, causing extra
   injury to most foes and up to half again as much damage against particularly
   susceptible opponents.
   Big, fiery blades are also staple armaments of hydra-hunters.
   It affects your intelligence (+7).
 C - the +9 dagger of the Viper {drain, rF+ rN+ MR-}
   (You bought it in a shop on level 2 of the Orcish Mines)

   A truly terrible weapon, it drains the life of those it strikes.
   It protects you from fire.
   It protects you from negative energy.
   It affects your resistance to hostile enchantments.
 V - the +10 falchion of Cuufuer {antimagic, rC+}
   (You found it on level 6 of the Lair of Beasts)

   It reduces the magical energy of the wielder, and disrupts the spells and
   magical abilities of those hit.
   Natural abilities and divine invocations are not affected.
   It protects you from cold.
Missiles
 F - 8 throwing nets (quivered)
Armour
 p - a +2 helmet of see invisible (worn)
 q - a +2 pair of boots (worn)
 s - a +2 pair of gloves (worn)
 w - a +2 buckler (worn)
 B - the +3 leather armour of Cariyj (worn) {Str+2 Dex+3 Slay+2}
   (You found it on level 6 of the Dungeon)

   It affects your strength (+2).
   It affects your dexterity (+3).
   It affects your accuracy and damage with ranged weapons and melee attacks
   (+2).
 H - the +0 cloak of the Two of Pentacles (worn) {MP+9 Dex+2}
   (You found it on level 5 of the Lair of Beasts)

   It affects your dexterity (+2).
   It affects your magic capacity (+9).
Jewellery
 h - an uncursed ring of see invisible
 l - an uncursed ring of resist corrosion
 o - an uncursed ring of wizardry
 r - an uncursed ring of protection from fire
 N - an uncursed ring of positive energy
 Q - the ring of Jovitta (right hand) {rF+ Slay+5}
   (You found it on level 2 of the Lair of Beasts)

   [ring of protection from fire]

   It affects your accuracy and damage with ranged weapons and melee attacks
   (+5).
   It protects you from fire.
 R - a ring of protection from magic (left hand)
Wands
 b - a wand of polymorph (17/24)
 e - a wand of disintegration (9/24)
 v - a wand of lightning (4/15)
 G - a wand of confusion (13/48)
 I - a wand of acid (8/15)
 J - a wand of flame (14/48)
 S - a wand of acid (0/15)
 W - a wand of confusion (26/48)
 Z - a wand of iceblast (0/15)
Scrolls
 g - 8 scrolls of recharging
 n - 11 scrolls of remove curse
 t - 2 scrolls of teleportation
 y - a scroll of enchant weapon
 A - 3 scrolls of immolation
 M - 2 scrolls of fog
 U - a scroll of identify
Potions
 a - 3 potions of might
 d - 7 potions of lignification
 f - 4 potions of flight
 i - a potion of brilliance
 m - 4 potions of cancellation
 u - 6 potions of curing
 z - a potion of cure mutation
 E - 4 potions of mutation
 K - 4 potions of ambrosia
 L - a potion of invisibility
Comestibles
 c - 19 bread rations
 j - 11 beef jerkies
 k - 12 meat rations
 P - a slice of pizza
 T - 2 fruits


   Skills:
 - Level 9.0 Fighting
 - Level 3.1(6.9) Short Blades
 - Level 8.8(9.0) Long Blades
 - Level 4.1 Armour
 - Level 10.7 Dodging
 - Level 8.1 Stealth
 - Level 6.4 Shields
 - Level 12.0 Spellcasting
 - Level 12.8 Conjurations
 - Level 8.8 Hexes
 - Level 10.6 Charms
 - Level 5.9 Translocations
 - Level 2.7 Air Magic
 + Level 10.2 Earth Magic
 - Level 3.1 Poison Magic
 + Level 13.6 Invocations


You had 5 spell levels left.
You knew the following spells:

 Your Spells              Type           Power        Failure   Level  Hunger
a - Magic Dart            Conj           ####         0%          1    None
b - Searing Ray           Conj           ######       0%          2    None
c - Dazzling Spray        Conj/Hex       ######       1%          3    None
d - Iskenderun's Mystic   Conj           ########     1%          4    None
e - Iskenderun's Battles  Conj/Chrm      #######.     1%          5    None
f - Fulminant Prism       Conj/Hex       #######...   1%          4    None
g - Conjure Flame         Conj/Fire      ######..     1%          3    None
h - Inner Flame           Hex/Fire       ######..     1%          3    None
i - Blink                 Tloc           N/A          1%          2    None
j - Repel Missiles        Chrm/Air       ######       1%          2    None
k - Mephitic Cloud        Conj/Pois/Air  ######..     1%          3    None
l - Passwall              Tmut/Erth      ######....   1%          2    None


Dungeon Overview and Level Annotations

Branches:
Dungeon (15/15)            Temple (1/1) D:5            Lair (6/6) D:11
 Shoals (4/4) Lair:3       Spider (0/4) Lair:2        Slime (0/5) Lair:6
    Orc (2/2) D:10            Elf (1/3) Orc:2        Vaults (0/5) D:13
 Depths (1/5) D:15

Altars:
Ashenzari
Cheibriados
Dithmenos
Elyvilon
Fedhas
Gozag
Hepliaklqana
Kikubaaqudgha
Makhleb
Nemelex Xobeh
Okawaru
Qazlal
Ru
Sif Muna
Trog
Uskayaw
Vehumet
Xom
Yredelemnul
Zin
The Shining One
Beogh

Shops:
D:4 [%   D:9 !**   D:11 (   Orc:2 (:[*


Innate Abilities, Weirdness & Mutations

You are partially covered in slimy green scales. (AC +2)
You possess an exceptional clarity of mind.
Your body sometimes deteriorates upon taking damage.


Message History

Aiming: Dazzling Spray
Press: ? - help, Shift-Dir - straight line, f/p - merfolk
Aim: a merfolk, wielding a trident (heavily wounded)
The spray of energy hits the merfolk.
The merfolk is severely wounded.
The spray of energy hits the manticore.
The manticore is moderately wounded.
The merfolk impaler hits you from afar with a trident!
* * * LOW HITPOINT WARNING * * *
The harpy claws you.
* * * LOW HITPOINT WARNING * * *
The harpy claws you but does no damage.
The merfolk hits you from afar with a trident!
* * * LOW HITPOINT WARNING * * *
The manticore misses you. The manticore completely misses you.
The manticore closely misses you.
The merfolk impaler hits you from afar with a trident.
* * * LOW HITPOINT WARNING * * *
The merfolk hits you from afar with a trident!
You die...

*≈≈≈≈≈≈≈,**,,,≈,,,#...≈≈≈##≈≈≈
*≈≈≈≈≈≈≈,***,*,*,*#≈≈.≈≈≈≈#≈≈#
*≈≈≈≈≈≈≈,≈*≈≈,,,≈*##≈.≈≈≈##≈≈≈
*≈≈≈≈≈≈≈,,*≈,*,*,*#≈..≈≈≈≈#≈≈#
*≈≈≈≈≈≈≈,**,,,≈,,,##≈≈≈≈≈##(≈≈
*≈≈≈≈≈≈≈,≈*,,,**,###≈≈≈≈≈###≈#
*≈≈≈≈≈≈≈≈≈,****###≈≈≈≈≈≈≈≈≈###
*≈≈≈≈≈≈≈≈≈≈#####≈#≈≈≈.≈≈≈≈≈#≈#
*≈≈≈≈≈≈≈≈≈≈†H@≈mm≈≈....)≈≈≈≈≈≈
*≈≈≈≈≈≈≈≈≈≈mH≈≈m≈≈≈.....≈≈≈≈≈≈
*≈≈≈≈≈≈≈≈≈≈≈≈≈≈≈P≈≈.........≈≈
*≈≈≈≈≈≈≈≈≈≈≈≈≈≈≈P≈≈.........≈≈
*≈≈≈≈≈≈≈≈≈≈≈≈≈≈≈≈≈P≈P.........
*≈≈≈≈≈≈≈≈≈≈≈≈≈≈≈≈.≈≈≈.≈≈≈....#
*≈≈≈≈≈≈≈≈≈≈≈≈≈≈≈≈≈PP≈PP≈≈....#
*≈≈≈≈≈≈≈≈≈≈≈≈≈≈≈≈≈P≈≈≈≈≈.....#
*≈≈≈≈≈≈≈≈≈≈≈≈≈≈≈≈≈P≈.≈≈≈.....#


You could see a merfolk impaler, 3 merfolk, a manticore and a harpy.

Vanquished Creatures
  Rupert (D:12)
  Kirke (Lair:4)
  Ilsuiw (Shoals:4)
  3 orc warlords
  Nessos (D:14)
  2 entropy weavers (Lair:6)
  Snorg (Lair:5)
  A merfolk javelineer (Shoals:2)
  A minotaur (Lab)
  A yaktaur captain (D:15)
  The ghost of crawlian the Destroyer, a journeyman DEFE of Vehumet (Orc:2)
  5 merfolk impalers
  Josephine (D:12)
  An ogre mage (D:15)
  Erolcha (D:10)
  A vault guard (D:13)
  4 hydras
  Erica (D:10)
  A centaur warrior (D:15)
  2 satyrs
  2 merfolk avatars
  4 merfolk aquamancers
  The ghost of IKeelU2 the Gelid, a journeyman DENe of Kikubaaqudgha (Lair:4)
  A death knight (D:15)
  10 death yaks
  A queen ant (Lair:6)
  2 orc high priests
  Urug (Orc:2)
  A deep elf knight (Orc:2)
  Sonja (D:14)
  An unseen horror (D:14)
  5 sea snakes
  11 harpies (Shoals:1)
  Pikel (D:5)
  A deep elf archer (D:15)
  A phantasmal warrior (D:15)
  10 hill giants
  A wolf spider (Lair:6)
  6 orc knights
  4 deep elf magi
  5 orc sorcerers
  14 ugly things
  10 manticores
  2 hornets (Lair:6)
  17 fauns
  2 cyclopes
  3 sirens
  6 black mambas
  11 elephants
  Psyche (D:8)
  A guardian serpent (Lair:6)
  A torpor snail (Lair:4)
  A water nymph (Shoals:1)
  21 spiny frogs
  A kobold demonologist (D:13)
  A gargoyle (D:15)
  A yaktaur (D:15)
  7 komodo dragons
  A yaktaur (shapeshifter) (D:14)
  2 freezing wraiths (D:15)
  An efreet (D:14)
  A tengu conjurer (D:15)
  25 merfolk
  7 trolls
  2 wind drakes (Shoals:1)
  A polar bear (Lair:6)
  6 two-headed ogres
  3 blink frogs (Lair:2)
  17 hippogriffs
  13 slime creatures
  Prince Ribbit (D:7)
  A snapping turtle (Shoals:4)
  45 yaks
  A shadow (D:11)
  A vampire (D:14)
  2 redbacks (Lair:2)
  7 wraiths
  9 wyverns
  4 water elementals
  3 hogs
  8 hungry ghosts
  Grum (D:10)
  2 basilisks
  3 vampire mosquitoes (D:12)
  A human (D:6)
  11 wargs
  Edmund (D:6)
  15 soldier ants (Lair:6)
  24 water moccasins
  11 porcupines
  45 orc warriors
  A swamp drake (Orc:1)
  5 wasps
  3 sky beasts
  3 phantoms
  10 ogres
  3 slaves (D:5)
  3 black bears
  10 ice beasts
  18 wolves
  17 centaurs
  9 crocodiles
  2 big kobolds
  17 bullfrogs
  A gnoll sergeant (D:9)
  6 scorpions
  17 killer bees
  14 wights
  3 howler monkeys
  4 crimson imps
  A quasit (D:12)
  2 bullfrog zombies (D:11)
  A bullfrog skeleton (D:10)
  3 centaur zombies
  11 hounds
  14 jellies
  35 orc priests
  6 centaur skeletons
  An iron imp (Orc:1)
  16 iguanas
  35 worker ants
  37 orc wizards
  A killer bee zombie (D:6)
  A hound zombie (D:6)
  2 worker ant zombies
  7 gnolls
  9 adders
  73 river rats
  3 shadow imps
  A white imp (Orc:1)
  3 oozes
  An adder skeleton (D:5)
  4 leopard geckos
  92 orcs
  5 ball pythons
  4 giant cockroaches
  6 goblins
  3 hobgoblins
  7 jackals
  8 kobolds
  5 quokkas
  6 bats
  6 frilled lizards
  2 leopard gecko skeletons
  5 rats
  2 fungi
  2 plants
1042 creatures vanquished.

Vanquished Creatures (others)
  A wizard (D:6)
  A human (Lair:4)
  A hungry ghost (D:5)
  An orc wizard (Orc:1)
  An adder (D:5)
  A ball python (D:5)
  3 bushes (Lair:6)
  A fulminant prism (D:8)
  27 fungi
  50 plants
87 creatures vanquished.

Grand Total: 1129 creatures vanquished

Notes
Turn   | Place    | Note
-------+----------+-------------------------------------------
     0 | D:1      | Ijustatesigmund the Deep Elf Conjurer began the quest for the Orb.
     0 | D:1      | Reached XP level 1. HP: 10/10 MP: 6/6
   385 | D:1      | Reached XP level 2. HP: 15/15 MP: 0/8
   389 | D:1      | Learned a level 2 spell: Searing Ray
   914 | D:2      | Reached skill level 5 in Conjurations
   973 | D:2      | Reached XP level 3. HP: 19/19 MP: 7/10
   978 | D:2      | Learned a level 3 spell: Dazzling Spray
  1281 | D:3      | Reached skill level 1 in Hexes
  1281 | D:3      | Reached XP level 4. HP: 18/24 MP: 1/12
  1603 | D:3      | Found a blossoming altar of Fedhas.
  1607 | D:3      | Found a stormy altar of Qazlal.
  1824 | D:3      | Found an opulent altar of Gozag.
  1825 | D:3      | Found a sparkling altar of Nemelex Xobeh.
  1928 | D:3      | Found a deep blue altar of Sif Muna.
  1973 | D:4      | Noticed an ogre
  2000 | D:4      | Found Hiuvud's Armour Boutique.
  2029 | D:4      | Reached skill level 5 in Spellcasting
  2029 | D:4      | Reached XP level 5. HP: 20/28 MP: 8/14
  2297 | D:4      | Killed an ogre
  2297 | D:4      | Reached XP level 6. HP: 21/32 MP: 8/16
  2652 | D:4      | Reached skill level 5 in Hexes
  2899 | D:4      | Reached XP level 7. HP: 36/36 MP: 13/18
  2905 | D:4      | Learned a level 4 spell: Iskenderun's Mystic Blast
  2911 | D:4      | Learned a level 5 spell: Iskenderun's Battlesphere
  2980 | D:4      | Reached skill level 1 in Charms
  3050 | D:4      | Found Hulokiyl's Food Emporium.
  3193 | D:4      | Reached skill level 1 in Short Blades
  3270 | D:4      | Reached skill level 1 in Fighting
  3527 | D:5      | Entered Level 5 of the Dungeon
  3820 | D:5      | Noticed Pikel
  3842 | D:5      | Killed Pikel
  3842 | D:5      | Reached XP level 8. HP: 12/44 MP: 1/19
  4437 | D:5      | Found a staircase to the Ecumenical Temple.
  4454 | Temple   | Entered the Ecumenical Temple
  4505 | Temple   | Became a worshipper of Cheibriados the Contemplative
  4622 | D:5      | Reached skill level 1 in Invocations
  4659 | D:5      | Got a dazzling scimitar
  4660 | D:5      | Identified the +6 scimitar of Makhleb's Envy {flame, Int+7} (You found it on level 5 of the Dungeon)
  4908 | D:6      | Reached skill level 1 in Long Blades
  4908 | D:6      | Reached skill level 2 in Invocations
  5058 | D:6      | Reached skill level 3 in Invocations
  5143 | D:6      | Found a shattered altar of Ashenzari.
  5148 | D:6      | Found a burning altar of Makhleb.
  5148 | D:6      | Found an ancient bone altar of Kikubaaqudgha.
  5185 | D:6      | Got a bloodstained leather armour
  5284 | D:6      | Noticed Edmund
  5295 | D:6      | Killed Edmund
  5305 | D:6      | Reached * piety under Cheibriados
  5305 | D:6      | Reached skill level 4 in Invocations
  5568 | D:6      | Reached XP level 9. HP: 43/49 MP: 16/20
  5785 | D:6      | Found a bloodstained altar of Trog.
  5786 | D:6      | Noticed a wizard
  5790 | D:6      | Killed a wizard
  5971 | D:6      | Identified the +3 leather armour of Cariyj {Str+2 Dex+3 Slay+2} (You found it on level 6 of the Dungeon)
  6288 | D:7      | Reached skill level 1 in Armour
  6290 | D:7      | Reached ** piety under Cheibriados
  6627 | D:7      | Noticed Prince Ribbit
  6641 | D:7      | Killed Prince Ribbit
  7722 | D:7      | Found a white marble altar of Elyvilon.
  7722 | D:7      | Found a glowing silver altar of Zin.
  7722 | D:7      | Found a glowing golden altar of the Shining One.
  7856 | D:8      | Noticed Psyche
  7863 | D:8      | Killed Psyche
  7863 | D:8      | Reached XP level 10. HP: 51/54 MP: 6/23
  8182 | D:8      | Learned a level 4 spell: Fulminant Prism
  8285 | D:8      | Reached *** piety under Cheibriados
  8884 | D:9      | Reached skill level 5 in Stealth
  9031 | D:9      | Found Qebyomeys's General Store.
  9055 | D:9      | Bought a scroll of teleportation for 45 gold pieces
  9055 | D:9      | Bought a throwing net for 45 gold pieces
  9055 | D:9      | Bought a scroll of identify for 30 gold pieces
  9055 | D:9      | Bought 2 potions of curing for 90 gold pieces
  9148 | D:9      | Found Dopoxu's Assorted Antiques.
  9153 | D:9      | Bought an encrusted jade ring for 130 gold pieces
  9153 | D:9      | Bought a fizzy orange potion for 23 gold pieces
  9153 | D:9      | Bought a scroll labeled BURAEX DYPNIBB for 26 gold pieces
  9153 | D:9      | Bought a scroll of identify for 52 gold pieces
  9179 | D:9      | Found a sparkling altar of Nemelex Xobeh.
  9310 | D:9      | Reached skill level 5 in Invocations
  9665 | D:9      | Reached **** piety under Cheibriados
  9733 | D:9      | Found Loeph's Distillery.
  9767 | D:10     | Entered Level 10 of the Dungeon
  9903 | D:10     | Noticed Erica
  9908 | D:10     | Killed Erica
  9908 | D:10     | Reached skill level 6 in Invocations
 10024 | D:10     | Reached XP level 11. HP: 61/61 MP: 20/25
 10177 | D:10     | Noticed Erolcha
 10182 | D:10     | Killed Erolcha
 10237 | D:10     | Noticed Grum
 10243 | D:10     | Killed Grum
 10425 | D:10     | Reached ***** piety under Cheibriados
 10425 | D:10     | Reached skill level 7 in Invocations
 10426 | D:10     | Noticed a hill giant
 10431 | D:10     | Killed a hill giant
 10507 | D:10     | Noticed a hill giant
 10511 | D:10     | Killed a hill giant
 10566 | D:10     | Found a staircase to the Orcish Mines.
 10577 | D:10     | Found a roughly hewn altar of Beogh.
 10752 | D:10     | Noticed a hill giant
 10757 | D:10     | Killed a hill giant
 10877 | D:10     | Reached skill level 5 in Dodging
 11077 | D:11     | Reached skill level 8 in Invocations
 11078 | D:11     | Reached skill level 10 in Conjurations
 11258 | D:11     | Noticed a hill giant
 11260 | D:11     | Killed a hill giant
 11396 | D:11     | Noticed a hill giant
 11403 | D:11     | Killed a hill giant
 11556 | D:11     | Reached skill level 9 in Invocations
 11634 | D:11     | Noticed a white ugly thing
 11646 | D:11     | Killed a white ugly thing
 11856 | D:11     | Found a staircase to the Lair.
 11888 | D:11     | Reached XP level 12. HP: 67/67 MP: 24/26
 12053 | D:11     | Found Viushovu's Weapon Shop.
 12251 | D:11     | Reached ****** piety under Cheibriados
 12578 | Lair:1   | Entered Level 1 of the Lair of Beasts
 12600 | Lair:1   | Reached skill level 10 in Invocations
 12705 | Lair:1   | Reached skill level 1 in Shields
 12781 | Lair:1   | Identified the Volume of the Blaze
 12787 | Lair:1   | Learned a level 3 spell: Conjure Flame
 12791 | Lair:1   | Learned a level 3 spell: Inner Flame
 13942 | Lair:1   | Reached skill level 11 in Invocations
 14219 | Lair:2   | Found a hole to the Spider Nest.
 14328 | Lair:2   | Got a slimy tin ring
 14330 | Lair:2   | Identified the ring of Jovitta {rF+ Slay+5} (You found it on level 2 of the Lair of Beasts)
 14345 | Lair:2   | Noticed a seven-headed hydra
 14355 | Lair:2   | Killed a seven-headed hydra
 14531 | Lair:2   | Noticed a death yak
 14531 | Lair:2   | Noticed a death yak
 14532 | Lair:2   | Noticed a death yak
 14537 | Lair:2   | Noticed a death yak
 14538 | Lair:2   | Killed a death yak
 14539 | Lair:2   | Noticed a death yak
 14980 | D:12     | Noticed Rupert
 14990 | D:12     | Killed Rupert
 14990 | D:12     | Reached XP level 13. HP: 34/72 MP: 5/27
 15187 | D:12     | Reached skill level 5 in Fighting
 15659 | D:12     | Noticed Josephine
 15818 | D:12     | Reached skill level 5 in Long Blades
 16014 | D:12     | Killed Josephine
 16327 | Orc:1    | Entered Level 1 of the Orcish Mines
 16688 | Orc:1    | Learned a level 2 spell: Blink
 16873 | Orc:1    | Noticed an orc warlord
 16886 | Orc:1    | Killed an orc warlord
 17062 | Orc:1    | Noticed an orc warlord
 17081 | Orc:2    | Entered Level 2 of the Orcish Mines
 17248 | Orc:2    | Noticed crawlian's ghost (journeyman DEFE)
 17253 | Orc:2    | Killed crawlian's ghost
 17471 | Orc:2    | Reached skill level 10 in Spellcasting
 17677 | Orc:2    | Learned a level 2 spell: Repel Missiles
 18466 | Orc:2    | Reached XP level 14. HP: 80/80 MP: 5/30
 18639 | Orc:2    | Noticed Urug
 18647 | Orc:2    | Killed Urug
 18797 | Orc:2    | Found a roughly hewn altar of Beogh.
 18797 | Orc:2    | Noticed an orc warlord
 18807 | Orc:2    | Reached skill level 10 in Charms
 18820 | Orc:2    | Found a staircase to the Elven Halls.
 18828 | Elf:1    | Entered Level 1 of the Elven Halls
 19031 | Orc:2    | Killed an orc warlord
 19271 | Orc:2    | Found Satitu's General Store.
 19286 | Orc:2    | Found Efuf's Antique Armour Shop.
 19302 | Orc:2    | Found Esyonemu's Antique Weapon Shop.
 19310 | Orc:2    | Bought a transparent dagger for 252 gold pieces
 19319 | Orc:2    | Found Parohama's Book Shop.
 19331 | Orc:2    | Learned a level 3 spell: Mephitic Cloud
 19964 | Orc:1    | Killed an orc warlord
 19964 | Orc:1    | Reached skill level 1 in Air Magic
 19964 | Orc:1    | Reached skill level 1 in Poison Magic
 20477 | Orc:1    | Found a roughly hewn altar of Beogh.
 20723 | Orc:2    | Bought an uncursed ring of wizardry for 390 gold pieces
 21281 | Lair:3   | Found a staircase to the Shoals.
 21354 | Lair:3   | Identified the +9 dagger of the Viper {drain, rF+ rN+ MR-} (You bought it in a shop on level 2 of the Orcish Mines)
 21356 | Lair:3   | Gained mutation: You possess an exceptional clarity of mind. [potion of mutation]
 21356 | Lair:3   | Gained mutation: You are partially covered in slimy green scales. (AC +2) [potion of mutation]
 21356 | Lair:3   | Gained mutation: Your body sometimes deteriorates upon taking damage. [potion of mutation]
 21802 | Lair:4   | Noticed IKeelU2's ghost (journeyman DENe)
 21809 | Lair:4   | Killed IKeelU2's ghost
 22469 | Lair:4   | Noticed Kirke
 22477 | Lair:4   | Killed Kirke
 22745 | Lair:3   | Reached skill level 1 in Translocations
 23689 | Lair:5   | Noticed Snorg
 23698 | Lair:5   | Killed Snorg
 23698 | Lair:5   | Reached skill level 5 in Translocations
 24248 | Lair:5   | Got a bloodstained cloak
 24254 | Lair:5   | Identified the cursed +0 cloak of the Two of Pentacles {MP+9 Dex+2} (You found it on level 5 of the Lair of Beasts)
 24481 | Lair:6   | Entered Level 6 of the Lair of Beasts
 24503 | Lair:6   | Got an iridescent falchion
 24507 | Lair:6   | Identified the +10 falchion of Cuufuer {antimagic, rC+} (You found it on level 6 of the Lair of Beasts)
 24645 | Lair:6   | Reached XP level 15. HP: 46/86 MP: 23/33
 24927 | Lair:6   | Reached skill level 12 in Invocations
 25260 | Lair:6   | Reached skill level 5 in Shields
 25983 | Lair:6   | Found a staircase to the Slime Pits.
 26029 | Lair:6   | Identified a scroll of acquirement
 26174 | Lair:6   | Reached skill level 10 in Dodging
 26942 | Shoals:1 | Entered Level 1 of the Shoals
 27366 | Shoals:1 | Reached skill level 13 in Invocations
 28622 | Shoals:2 | Reached XP level 16. HP: 94/94 MP: 34/34
 29269 | Shoals:4 | Entered Level 4 of the Shoals
 29701 | D:13     | Learned a level 2 spell: Passwall
 29745 | D:13     | Found a labyrinth entrance.
 29754 | Lab      | Entered a labyrinth
 29878 | Lab      | Reached skill level 1 in Earth Magic
 29964 | Lab      | Identified the Tome of Gliding Ignition
 29972 | Lab      | Got an ancient leather armour
 29973 | Lab      | Identified the +2 leather armour of Oqaot {MR+ Dex+3} (You found it in a labyrinth)
 30472 | D:13     | Found a gate to the Vaults.
 30782 | D:14     | Reached skill level 5 in Earth Magic
 30943 | D:14     | Noticed Nessos
 30947 | D:14     | Killed Nessos
 31331 | D:14     | Noticed Sonja
 31337 | D:14     | Killed Sonja
 32010 | D:15     | Entered Level 15 of the Dungeon
 33495 | D:15     | Found a staircase to the Depths.
 33504 | Depths:1 | Entered Level 1 of the Depths
 33844 | Shoals:4 | Noticed Ilsuiw
 33868 | Shoals:4 | Killed Ilsuiw
 34078 | Shoals:4 | Reached skill level 10 in Earth Magic
 34339 | Shoals:4 | Slain by a merfolk

Vault maps used:
D:1:      minmay_arrival_stone_box
D:3:      lemuel_upstairs_altar, grunt_temple_overflow_forces_of_nature,
          grunt_temple_overflow_opulence, lemuel_blue_sif_altar
D:4:      first_bread, serial_shops, shop, shop, amethyst_killhole
D:5:      uniq_pikel
D:6:      gammafunk_temple_overflow_forgotten, trog_wizard, uniq_edmund
D:7:      good_gods_mini_temple, grunt_livestock, uniq_prince_ribbit1
D:8:      uniq_psyche
D:9:      serial_shops, shop, shop, shop, minmay_liquid_box,
          grunt_decor_fettered, nemelex_altar_shiori
D:10:     minmay_orc_entry_temple_small, uniq_erolcha, uniq_grum, uniq_erica
D:11:     erik_lair_orcish_takeover, serial_shops, shop_statue
D:12:     uniq_josephine, uniq_rupert
D:13:     david_vaults_5, lab_entry_generic
D:14:     corexii_leaking_fountain, glass_columns_a, grunt_ministairs_2,
          uniq_urug, uniq_sonja, uniq_nessos
D:15:     grunt_enter_depths_snipers, fungi_pond_lemuel
Temple:   eino_wide_crystal_templ
Lair:1:   beast_lair_carwin_large_1, pond, infiniplex_staircase_pool,
          grunt_megastairs_4, lemuel_fruit_tree
Lair:2:   spider_nest_entry_webs
Lair:3:   elwin_shoals_entry_rocks, hibernation_bobbens
Lair:4:   serial_bayou_shore_b, uniq_kirke
Lair:5:   grunt_megastairs_5, uniq_snorg
Lair:6:   hangedman_lair_tendril_chambers, minmay_slime_entry_jelly_boxes,
          zaba_antful_of_joy, grunt_megastairs_3, lemuel_fruit_fields
Shoals:1: cheibrodos_shoals_oceanic_diplomacy
Shoals:3: uniq_polyphemus
Shoals:4: shoals_end_grunt_ice, shoals_ilsuiw_alternative
Orc:1:    orc_temple, hangedman_minor_magic
Orc:2:    grunt_orc_cross
Elf:1:    eino_elf_arrival_shootout, portal_desolation_entry_ruin,
          hangedman_elven_crosses_minicolossus
Depths:1: kennysheep_small_spiral, pan_entry, hell_entry, roderic_lattice_a,
          nooodl_food_tri, uniq_jorgrun
Lab:      labyrinth_mini_lab, nicolae_lab_lava, labyrinth_skeletal_remains

Skill      XL: |  1  2  3  4  5  6  7  8  9 10 11 12 13 14 15 16 |
---------------+-------------------------------------------------+-----
Conjurations   | 5 6 7 9 11 12 | 12.8
Spellcasting   | 4 5 6 7 8 10 12 | 12.0
Hexes          | 1 3 4 5 6 7 8 |  8.8
Charms         | 6 7 8 9 10 | 10.6
Short Blades   | 2 3 |  3.1
Fighting       | 2 4 6 7 8 9 |  9.0
Dodging        | 3 6 8 10 | 10.7
Invocations    | 4 6 9 11 13 | 13.6
Long Blades    | 3 4 7 8 |  8.8
Armour         | 4 |  4.1
Stealth        | 4 5 6 7 8 |  8.1
Shields        | 4 6 |  6.4
Air Magic      | 2 |  2.7
Poison Magic   | 3 |  3.1
Translocations | 5 |  5.9
Earth Magic    | 10 | 10.2

Action                   |  1- 3 |  4- 6 |  7- 9 | 10-12 | 13-15 | 16-18 || total
-------------------------+-------+-------+-------+-------+-------+-------++-------
Melee: Dagger            |     3 |     8 |       |       |       |       ||    11
       Scimitar          |       |       |    37 |    71 |   529 |    96 ||   733
Throw: Tomahawk          |       |       |       |       |     2 |       ||     2
 Cast: Magic Dart        |    56 |    71 |   167 |   427 |   597 |   232 ||  1550
       Searing Ray       |     1 |     7 |    17 |     3 |     1 |       ||    29
       Iskenderun's Myst |       |       |    11 |    37 |    33 |    21 ||   102
       Dazzling Spray    |       |       |    20 |    88 |   269 |   156 ||   533
       Iskenderun's Batt |       |       |    10 |    69 |   115 |    57 ||   251
       Fulminant Prism   |       |       |       |     1 |       |       ||     1
       Conjure Flame     |       |       |       |     1 |     5 |       ||     6
       Inner Flame       |       |       |       |       |     4 |       ||     4
       Repel Missiles    |       |       |       |       |     2 |     4 ||     6
       Passwall          |       |       |       |       |       |     1 ||     1
Invok: Slouch            |       |       |       |     2 |     4 |       ||     6
       Step From Time    |       |       |       |     1 |       |       ||     1
Evoke: Wand              |       |       |       |       |     5 |     8 ||    13
  Use: Scroll            |     9 |     3 |     7 |    11 |    16 |    10 ||    56
       Potion            |       |     1 |     2 |     1 |     8 |     9 ||    21
 Stab: Sleeping          |     1 |       |       |     3 |     9 |     3 ||    16
       Invisible         |       |       |       |     5 |    36 |     9 ||    50
       Distracted        |       |       |       |       |     3 |       ||     3
  Eat: Chunk             |     1 |     2 |    10 |     8 |     5 |       ||    26
       Fruit             |       |     3 |     2 |     3 |    16 |     6 ||    30
       Pizza             |       |       |     2 |     3 |     7 |       ||    12
       Royal jelly       |       |       |       |       |       |     1 ||     1
       Beef jerky        |       |       |       |       |       |     1 ||     1
Armor: Robe              |     1 |     2 |     8 |       |       |       ||    11
       Leather armour    |       |       |    10 |    21 |    83 |    34 ||   148
Dodge: Dodged            |     3 |    20 |    60 |    95 |   474 |   185 ||   837
       Deflected         |       |       |       |       |    12 |    14 ||    26
Block: Buckler           |       |       |       |    28 |   279 |   109 ||   416
